Demolitions vs Remparts
(R1)
Created - February 11, 2019 at 19:04
Goals
|
| Demolitions |
0 |
2 |
0 |
2 |
| Remparts |
1 |
1 |
2 |
4 |
|
Shots
|
| Demolitions |
10 |
15 |
10 |
35 |
| Remparts |
14 |
10 |
7 |
31 |
|
1st period
1. Remparts , Brandon Mashinter 15 (Ryan Strome 30) at 8:40
Penalties :
Dmitri Orlov (Vic) for Holding (Minor) at 6:04, Michael Latta (Vic) for Hooking (Minor) at 9:02
2nd period
2. Demolitions , Dennis Everberg 13 (Corban Knight 32) at 0:33
3. Remparts , Guillaume Desbiens 26 (Daniel Paille 27, Ryan Strome 31) at 3:30
4. Demolitions , Brandon McMillan 12 (Taylor Aronson 4, Joel Vermin 5) at 4:47
Penalties :
No Penalty
3rd period
5. Remparts , Max Reinhart 23 (Justin Williams 20) at 13:22
6. Remparts , Nail Yakupov 15 (Griffin Reinhart 16, Chris Mueller 10) at 14:38
Penalties :
Robert Bortuzzo (Vic) for Hooking (Minor) at 7:43, Michael Latta (Vic) for Hooking (Minor) at 14:47
Goalie Stats
Karri Ramo (Vic), 27 saves from 31 shots - (0.871), L, 8-11-1, 60:00 minutes
Jason Missiaen (Que), 33 saves from 35 shots - (0.943), W, 19-12-2, 60:00 minutes
Players Stats for Demolitions
Player Name G A P +/- PIM S H SB GA TA FO MP PP MP PK MP
------------------------------------------------------------------------------------
Aaron Palushaj 0 0 0 -2 0 1 0 0 1 0 0/0 7:44 0:00 0:00
Alex Hutchings 0 0 0 -2 0 0 0 0 0 0 0/0 9:16 0:00 1:10
Andrej Nestrasil 0 0 0 -2 0 1 0 0 0 0 2/2 7:44 0:00 0:00
Brandon McMillan 1 0 1 1 0 2 0 1 0 0 0/0 13:08 0:00 0:00
Cameron Schilling 0 0 0 -2 0 4 1 4 1 0 0/0 24:05 0:00 4:55
Colton Sceviour 0 0 0 0 0 0 0 0 0 0 0/0 0:25 0:00 0:00
Corban Knight 0 1 1 -1 0 1 3 0 0 0 6/10 17:08 0:00 2:47
Dennis Everberg 1 0 1 -1 0 2 2 0 1 1 0/1 14:14 0:00 0:00
Derek Forbort 0 0 0 -1 0 0 0 0 0 0 0/0 6:53 0:00 0:20
Dmitri Orlov 0 0 0 0 2 1 1 2 0 0 0/0 17:34 0:00 1:59
Erik Cole 0 0 0 0 0 0 4 0 0 1 4/8 20:14 0:00 4:14
JC Lipon 0 0 0 0 0 0 0 0 0 0 0/0 2:31 0:00 1:44
Joel Vermin 0 1 1 1 0 2 1 1 0 0 2/2 13:08 0:00 0:00
Jonathan Blum 0 0 0 -2 0 3 0 1 0 0 0/0 24:05 0:00 4:55
Lane MacDermid 0 0 0 -1 0 2 0 0 0 1 0/0 14:06 0:00 0:00
Michael Latta 0 0 0 0 4 8 4 0 0 0 8/21 17:34 0:00 1:10
Nick Pryor 0 0 0 -1 0 0 0 0 0 0 0/0 6:33 0:00 0:00
Nick Shore 0 0 0 0 0 0 0 0 0 0 0/0 0:25 0:00 0:00
Phil McRae 0 0 0 1 0 3 1 0 0 0 3/5 13:08 0:00 0:00
Robert Bortuzzo 0 0 0 1 2 0 0 2 0 1 0/0 10:52 0:00 0:00
Ryan Olsen 0 0 0 0 0 0 0 0 0 0 0/0 0:35 0:00 0:29
Seth Helgeson 0 0 0 0 0 1 1 0 1 0 0/0 18:30 0:00 3:01
Spencer Machacek 0 0 0 0 0 3 1 0 1 1 1/1 20:34 0:00 4:18
Taylor Aronson 0 1 1 1 0 1 1 0 0 0 0/0 11:34 0:00 0:42
Taylor Leier 0 0 0 0 0 0 0 0 0 0 0/0 0:00 0:00 0:00
Players Stats for Remparts
Player Name G A P +/- PIM S H SB GA TA FO MP PP MP PK MP
------------------------------------------------------------------------------------
Anton Zlobin 0 0 0 0 0 0 0 0 0 0 0/0 0:29 0:00 0:00
Brandon Gormley 0 0 0 -1 0 0 0 1 0 0 0/0 26:50 4:51 0:00
Brandon Mashinter 1 0 1 1 0 4 0 0 1 0 0/3 11:59 0:00 0:00
Cédric Lalonde-McNicoll 0 0 0 1 0 0 2 0 0 0 16/31 21:22 4:19 0:00
Chris Mueller 0 1 1 1 0 0 0 0 0 0 0/1 8:10 0:00 0:00
Connor Honey 0 0 0 0 0 0 0 0 0 0 0/0 0:00 0:00 0:00
Daniel Paille 0 1 1 1 0 7 1 2 1 1 2/3 21:22 4:19 0:00
Griffin Reinhart 0 1 1 2 0 1 0 0 0 0 0/0 19:14 3:05 0:00
Guillaume Desbiens 1 0 1 1 0 5 5 0 0 1 2/2 21:22 4:19 0:00
Justin Williams 0 1 1 -1 0 2 2 0 1 0 0/0 16:53 3:35 0:00
Juuso Ikonen 0 0 0 1 0 0 2 0 0 0 0/0 8:28 0:00 0:00
Keaton Thompson 0 0 0 1 0 1 0 0 0 0 0/0 13:56 0:00 0:00
Kyle Platzer 0 0 0 0 0 0 0 0 0 0 0/0 1:12 0:02 0:00
Max Reinhart 1 0 1 -1 0 3 2 1 0 0 2/8 17:00 3:35 0:00
Michael Downing 0 0 0 0 0 0 0 0 0 0 0/0 3:55 0:00 0:00
Michal Jordan 0 0 0 -1 0 1 0 1 0 0 0/0 22:55 4:51 0:00
Mitchell Heard 0 0 0 0 0 0 0 0 0 0 1/1 1:14 0:02 0:00
Nail Yakupov 1 0 1 1 0 1 2 0 0 0 0/0 8:10 0:00 0:00
Niklas Hansson 0 0 0 2 0 1 0 3 0 1 0/0 19:14 3:05 0:00
Pontus Aberg 0 0 0 -1 0 1 3 0 2 1 0/0 16:53 3:35 0:00
Roberts Lipsbergs 0 0 0 1 0 0 0 1 0 0 1/1 11:59 0:00 0:00
Ryan Strome 0 2 2 1 0 3 0 0 0 0 0/0 13:27 0:02 0:00
Tim Bozon 0 0 0 0 0 0 0 0 0 0 0/0 0:00 0:00 0:00
Viktor Baldayev 0 0 0 1 0 1 0 1 0 1 0/0 13:56 0:00 0:00
3 Stars
1 - Guillaume Desbiens (Que)
2 - Jason Missiaen (Que)
3 - Nail Yakupov (Que)
Power Play
Demolitions - 0 on 0 Attempt(s) - 0.00%
Remparts - 0 on 4 Attempt(s) - 0.00%
Penalty Kill
Demolitions - 4 on 4 Attempt(s) - 100.00%
- Score 0 goal in Penalty Kill
Remparts - 0 on 0 Attempt(s) - 0.00%
- Score 0 goal in Penalty Kill
Team Stat
Demolitions - Hits : 20 - Faceoff Wins : 26 - Blocked Shots : 11 - Penalty Minutes : 8
Remparts - Hits : 19 - Faceoff Wins : 24 - Blocked Shots : 10 - Penalty Minutes : 0
Official
Referees : Unknown
Linesman : Unknown
Game Notes
No Game Note
Finance
Level 1 -- Attendance: 1480 (74.00%) -- Ticket Income $44,400
Level 2 -- Attendance: 804 (80.40%) -- Ticket Income $16,080
Total Attendance: 2284 (76.13%)
Total Ticket Income: $60,480
Other Income: $3,024
Total Income: $63,504
Demolitions
5 vs 5 Forward
Center Left Wing Right Wing Time % Phy DF OF
1 Michael Latta Erik Cole Spencer Machacek 40 1 2 2
2 Corban Knight Lane MacDermid Dennis Everberg 30 1 2 2
3 Phil McRae Brandon McMillan Joel Vermin 20 1 2 2
4 Andrej Nestrasil Alex Hutchings Aaron Palushaj 10 1 2 2
5 vs 5 Defense
Defense Defense Time % Phy DF OF
1 Jonathan Blum Cameron Schilling 40 1 2 2
2 Seth Helgeson Dmitri Orlov 30 1 2 2
3 Robert Bortuzzo Taylor Aronson 20 1 2 2
4 Derek Forbort Nick Pryor 10 1 2 2
PowerPlay Forward
Center Left Wing Right Wing Time % Phy DF OF
1 Michael Latta Erik Cole Spencer Machacek 60 1 2 2
2 Corban Knight Lane MacDermid Dennis Everberg 40 1 2 2
PowerPlay Defense
Defense Defense Time % Phy DF OF
1 Jonathan Blum Cameron Schilling 60 1 2 2
2 Seth Helgeson Dmitri Orlov 40 1 2 2
Penalty Kill 4 Players Forward
Center Wing Time % Phy DF OF
1 Erik Cole Spencer Machacek 60 1 2 2
2 Michael Latta Corban Knight 40 1 2 2
Penalty Kill 4 Players Defense
Defense Defense Time % Phy DF OF
1 Jonathan Blum Cameron Schilling 60 1 2 2
2 Seth Helgeson Dmitri Orlov 40 1 2 2
Penalty Kill - 3 Players Forward
Forward Time % Phy DF OF
1 Erik Cole 60 1 2 2
2 Spencer Machacek 40 1 2 2
Penalty Kill - 3 Players Defense
Defense Defense Time % Phy DF OF
1 Jonathan Blum Cameron Schilling 60 1 2 2
2 Seth Helgeson Dmitri Orlov 40 1 2 2
4 vs 4 Forward
Center Wing Time % Phy DF OF
1 Erik Cole Spencer Machacek 60 1 2 2
2 Michael Latta Corban Knight 40 1 2 2
4 vs 4 Defense
Defense Defense Time % Phy DF OF
1 Jonathan Blum Cameron Schilling 60 1 2 2
2 Seth Helgeson Dmitri Orlov 40 1 2 2
Last Minutes Offensive
Center Left Wing Right Wing Defense Defense
Michael Latta Erik Cole Spencer Machacek Jonathan Blum Cameron Schilling
Last Minutes Defensive
Center Left Wing Right Wing Defense Defense
Michael Latta Erik Cole Spencer Machacek Jonathan Blum Cameron Schilling
Goaltenders
Starting : Karri Ramo
Backup : Connor Hellebyuk
Extra Forwards
Normal : Nick Shore, Colton Sceviour, JC Lipon - PP : Nick Shore, Colton Sceviour - PK : JC Lipon
Extra Defensemen
Normal : Robert Bortuzzo, Taylor Aronson, Derek Forbort - PP : Robert Bortuzzo - PK : Taylor Aronson, Derek Forbort
Penalty Shots
Erik Cole, Spencer Machacek, Michael Latta, Corban Knight, Lane MacDermid
Scratches
Thomas DiPauli (Healthy), Billy Sweat (Right Hand Injury), Jake Paterson (Healthy)
Remparts
5 vs 5 Forward
Center Left Wing Right Wing Time % Phy DF OF
1 Cédric Lalonde-McNicoll Daniel Paille Guillaume Desbiens 40 1 2 2
2 Max Reinhart Pontus Aberg Justin Williams 30 1 2 2
3 Brandon Mashinter Roberts Lipsbergs Ryan Strome 20 1 2 2
4 Chris Mueller Juuso Ikonen Nail Yakupov 10 1 2 2
5 vs 5 Defense
Defense Defense Time % Phy DF OF
1 Brandon Gormley Michal Jordan 40 1 2 2
2 Griffin Reinhart Niklas Hansson 30 1 2 2
3 Viktor Baldayev Keaton Thompson 20 1 2 2
4 Michael Downing Brandon Gormley 10 1 2 2
PowerPlay Forward
Center Left Wing Right Wing Time % Phy DF OF
1 Cédric Lalonde-McNicoll Daniel Paille Guillaume Desbiens 60 1 2 2
2 Max Reinhart Pontus Aberg Justin Williams 40 1 2 2
PowerPlay Defense
Defense Defense Time % Phy DF OF
1 Brandon Gormley Michal Jordan 60 1 2 2
2 Griffin Reinhart Niklas Hansson 40 1 2 2
Penalty Kill 4 Players Forward
Center Wing Time % Phy DF OF
1 Guillaume Desbiens Daniel Paille 60 1 2 2
2 Justin Williams Cédric Lalonde-McNicoll 40 1 2 2
Penalty Kill 4 Players Defense
Defense Defense Time % Phy DF OF
1 Brandon Gormley Michal Jordan 60 1 2 2
2 Griffin Reinhart Niklas Hansson 40 1 2 2
Penalty Kill - 3 Players Forward
Forward Time % Phy DF OF
1 Guillaume Desbiens 60 1 2 2
2 Daniel Paille 40 1 2 2
Penalty Kill - 3 Players Defense
Defense Defense Time % Phy DF OF
1 Brandon Gormley Michal Jordan 60 1 2 2
2 Griffin Reinhart Niklas Hansson 40 1 2 2
4 vs 4 Forward
Center Wing Time % Phy DF OF
1 Guillaume Desbiens Daniel Paille 60 1 2 2
2 Justin Williams Cédric Lalonde-McNicoll 40 1 2 2
4 vs 4 Defense
Defense Defense Time % Phy DF OF
1 Brandon Gormley Michal Jordan 60 1 2 2
2 Griffin Reinhart Niklas Hansson 40 1 2 2
Last Minutes Offensive
Center Left Wing Right Wing Defense Defense
Cédric Lalonde-McNicoll Daniel Paille Guillaume Desbiens Brandon Gormley Michal Jordan
Last Minutes Defensive
Center Left Wing Right Wing Defense Defense
Cédric Lalonde-McNicoll Daniel Paille Guillaume Desbiens Brandon Gormley Michal Jordan
Goaltenders
Starting : Jason Missiaen
Backup : Tyler Plante
Extra Forwards
Normal : Mitchell Heard, Kyle Platzer, Anton Zlobin - PP : Mitchell Heard, Kyle Platzer - PK : Anton Zlobin
Extra Defensemen
Normal : Viktor Baldayev, Keaton Thompson, Michael Downing - PP : Viktor Baldayev - PK : Keaton Thompson, Michael Downing
Penalty Shots
Guillaume Desbiens, Daniel Paille, Justin Williams, Cédric Lalonde-McNicoll, Max Reinhart
Scratches
Erik Gustafsson (Sprained Right Knee Injury), Igor Bobkov (Healthy), François Brassard (Healthy)
% Time on Ice - Demolitions
Lines # - Real PCT - Wanted PCT - Time Play
Normal Forward
1 - 33% - 40% - 17:00
2 - 27% - 30% - 14:12
3 - 25% - 20% - 13:08
4 - 15% - 10% - 7:44
Normal Defense
1 - 37% - 40% - 19:10
2 - 30% - 30% - 15:29
3 - 21% - 20% - 10:52
4 - 13% - 10% - 6:33
PP Forward
1 - 0% - 60%
2 - 0% - 40%
PP Defense
1 - 0% - 60%
2 - 0% - 40%
PK Forward
1 - 69% - 60% - 5:28
2 - 31% - 40% - 2:28
PK Defense
1 - 62% - 60% - 4:55
2 - 38% - 40% - 3:01
PK3 Forward
1 - 0% - 60%
2 - 0% - 40%
PK3 Defense
1 - 0% - 60%
2 - 0% - 40%
44 Forward
1 - 0% - 60%
2 - 0% - 40%
44 Defense
1 - 0% - 60%
2 - 0% - 40%
Last Minute Offensive - 0:00
Last Minute Defensive - 0:00
Total
Forward - 60:00
Defense - 60:00
|
% Time on Ice - Remparts
Lines # - Real PCT - Wanted PCT - Time Play
Normal Forward
1 - 36% - 40% - 18:37
2 - 26% - 30% - 13:18
3 - 23% - 20% - 11:59
4 - 16% - 10% - 8:10
Normal Defense
1 - 35% - 40% - 18:04
2 - 31% - 30% - 16:09
3 - 27% - 20% - 13:56
4 - 8% - 10% - 3:55
PP Forward
1 - 55% - 60% - 4:21
2 - 45% - 40% - 3:35
PP Defense
1 - 61% - 60% - 4:51
2 - 39% - 40% - 3:05
PK Forward
1 - 0% - 60%
2 - 0% - 40%
PK Defense
1 - 0% - 60%
2 - 0% - 40%
PK3 Forward
1 - 0% - 60%
2 - 0% - 40%
PK3 Defense
1 - 0% - 60%
2 - 0% - 40%
44 Forward
1 - 0% - 60%
2 - 0% - 40%
44 Defense
1 - 0% - 60%
2 - 0% - 40%
Last Minute Offensive - 0:00
Last Minute Defensive - 0:00
Total
Forward - 60:00
Defense - 60:00
|
Play-by-Play
1st period
0:01 of 1st period - Michael Latta wins face-off versus Cédric Lalonde-McNicoll in neutral zone.
0:10 of 1st period - Slapshot by Michael Latta.
0:10 of 1st period - Deflect By Spencer Machacek.
0:10 of 1st period - Shot Blocked by Daniel Paille.
0:10 of 1st period - Puck is out of play.
0:11 of 1st period - Corban Knight wins face-off versus Max Reinhart in Remparts zone.
0:12 of 1st period - Slapshot by Dennis Everberg.
0:12 of 1st period - Shot Blocked by Niklas Hansson.
0:36 of 1st period - Niklas Hansson is hit by Dmitri Orlov.
1:18 of 1st period - Cameron Schilling is hit by Juuso Ikonen and loses puck.
1:29 of 1st period - Wrist shot by Nail Yakupov.
1:29 of 1st period - Shot Blocked by Cameron Schilling.
1:31 of 1st period - Slapshot by Michal Jordan.
1:31 of 1st period - Shot Blocked by Cameron Schilling.
2:13 of 1st period - Snap shot by Brandon Mashinter.
2:13 of 1st period - Shot Blocked by Robert Bortuzzo.
2:23 of 1st period - Daniel Paille is hit by Taylor Aronson and loses puck.
2:30 of 1st period - Wrist shot by Phil McRae.
2:30 of 1st period - Shot Misses the Net.
2:32 of 1st period - Wrist shot by Phil McRae.
2:32 of 1st period - Stopped by Jason Missiaen with a rebound.
2:34 of 1st period - Slapshot by Derek Forbort.
2:34 of 1st period - Shot Blocked by Niklas Hansson.
3:31 of 1st period - Slapshot by Ryan Strome.
3:31 of 1st period - Shot Misses the Net.
3:33 of 1st period - Backhand shot by Brandon Mashinter.
3:33 of 1st period - Stopped by Karri Ramo without a rebound.
3:34 of 1st period - Cédric Lalonde-McNicoll wins face-off versus Michael Latta in Demolitions zone.
3:47 of 1st period - Slapshot by Guillaume Desbiens.
3:47 of 1st period - Stopped by Karri Ramo with a rebound.
3:49 of 1st period - Wrist shot by Daniel Paille.
3:49 of 1st period - Stopped by Karri Ramo with a rebound.
4:24 of 1st period - Niklas Hansson is hit by Cameron Schilling.
4:30 of 1st period - Snap shot by Chris Mueller.
4:30 of 1st period - Shot Misses the Net.
5:32 of 1st period - Wrist shot by Pontus Aberg.
5:32 of 1st period - Shot Blocked by Dmitri Orlov.
6:04 of 1st period - Minor Penalty to Dmitri Orlov for Holding.
6:05 of 1st period - Daniel Paille wins face-off versus Erik Cole in Demolitions zone.
6:10 of 1st period - Snap shot by Guillaume Desbiens.
6:10 of 1st period - Stopped by Karri Ramo with a rebound.
6:31 of 1st period - Icing by Brandon Gormley.
6:32 of 1st period - Erik Cole wins face-off versus Max Reinhart in Remparts zone.
7:03 of 1st period - Erik Cole is hit by Daniel Paille and loses puck.
7:38 of 1st period - Max Reinhart is hit by Michael Latta.
8:04 of 1st period - Penalty to Dmitri Orlov is over, Dmitri Orlov is back on ice.
8:40 of 1st period - Snap shot by Brandon Mashinter.
8:40 of 1st period - Goal by Brandon Mashinter - Demolitions : 0 - Remparts : 1.
8:41 of 1st period - Michael Latta wins face-off versus Cédric Lalonde-McNicoll in neutral zone.
8:52 of 1st period - Snap shot by Spencer Machacek.
8:52 of 1st period - Stopped by Jason Missiaen with a rebound.
9:02 of 1st period - Minor Penalty to Michael Latta for Hooking.
9:03 of 1st period - Cédric Lalonde-McNicoll wins face-off versus Erik Cole in Demolitions zone.
9:08 of 1st period - Wrist shot by Cédric Lalonde-McNicoll.
9:08 of 1st period - Shot Misses the Net.
9:10 of 1st period - Wrist shot by Daniel Paille.
9:10 of 1st period - Stopped by Karri Ramo with a rebound.
9:12 of 1st period - Slapshot by Cédric Lalonde-McNicoll.
9:12 of 1st period - Shot Blocked by Jonathan Blum.
9:14 of 1st period - Snap shot by Daniel Paille.
9:14 of 1st period - Stopped by Karri Ramo without a rebound.
9:15 of 1st period - Cédric Lalonde-McNicoll wins face-off versus Erik Cole in Demolitions zone.
9:20 of 1st period - Snap shot by Guillaume Desbiens.
9:20 of 1st period - Stopped by Karri Ramo without a rebound.
9:21 of 1st period - Erik Cole wins face-off versus Daniel Paille in Demolitions zone.
11:02 of 1st period - Penalty to Michael Latta is over, Michael Latta is back on ice.
11:10 of 1st period - Wrist shot by Spencer Machacek.
11:10 of 1st period - Stopped by Jason Missiaen with a rebound.
11:12 of 1st period - Snap shot by Seth Helgeson.
11:12 of 1st period - Shot Misses the Net.
11:14 of 1st period - Slapshot by Seth Helgeson.
11:14 of 1st period - Deflect By Brandon Mashinter.
11:14 of 1st period - Stopped by Jason Missiaen without a rebound.
11:15 of 1st period - Joel Vermin wins face-off versus Brandon Mashinter in Remparts zone.
12:12 of 1st period - Slapshot by Jonathan Blum.
12:12 of 1st period - Shot Blocked by Max Reinhart.
12:48 of 1st period - Wrist shot by Brandon Mashinter.
12:48 of 1st period - Stopped by Karri Ramo without a rebound.
12:49 of 1st period - Corban Knight wins face-off versus Cédric Lalonde-McNicoll in Demolitions zone.
12:49 of 1st period - Corban Knight is hit by Cédric Lalonde-McNicoll.
13:50 of 1st period - Keaton Thompson is hit by Joel Vermin and loses puck.
14:21 of 1st period - Michal Jordan is hit by Corban Knight and loses puck.
14:32 of 1st period - Snap shot by Corban Knight.
14:32 of 1st period - Shot Blocked by Michal Jordan.
14:34 of 1st period - Snap shot by Corban Knight.
14:34 of 1st period - Stopped by Jason Missiaen with a rebound.
15:57 of 1st period - Dennis Everberg is hit by Max Reinhart and loses puck.
16:14 of 1st period - Snap shot by Michael Latta.
16:14 of 1st period - Stopped by Jason Missiaen with a rebound.
16:16 of 1st period - Slapshot by Cameron Schilling.
16:16 of 1st period - Shot Blocked by Brandon Gormley.
16:18 of 1st period - Slapshot by Cameron Schilling.
16:18 of 1st period - Stopped by Jason Missiaen without a rebound.
16:19 of 1st period - Michael Latta wins face-off versus Cédric Lalonde-McNicoll in Remparts zone.
16:22 of 1st period - Snap shot by Michael Latta.
16:22 of 1st period - Stopped by Jason Missiaen with a rebound.
17:26 of 1st period - Brandon McMillan is hit by Cédric Lalonde-McNicoll and loses puck.
17:33 of 1st period - Backhand shot by Daniel Paille.
17:33 of 1st period - Shot Misses the Net.
17:43 of 1st period - Wrist shot by Andrej Nestrasil.
17:43 of 1st period - Stopped by Jason Missiaen without a rebound.
17:44 of 1st period - Andrej Nestrasil wins face-off versus Chris Mueller in Remparts zone.
17:45 of 1st period - Slapshot by Jonathan Blum.
17:45 of 1st period - Shot Blocked by Viktor Baldayev.
17:47 of 1st period - Wrist shot by Cameron Schilling.
17:47 of 1st period - Stopped by Jason Missiaen without a rebound.
17:48 of 1st period - Andrej Nestrasil wins face-off versus Cédric Lalonde-McNicoll in Remparts zone.
17:52 of 1st period - Off-side.
17:53 of 1st period - Cédric Lalonde-McNicoll wins face-off versus Michael Latta in neutral zone.
17:56 of 1st period - Erik Cole is hit by Guillaume Desbiens and loses puck.
18:05 of 1st period - Snap shot by Cédric Lalonde-McNicoll.
18:05 of 1st period - Shot Misses the Net.
18:27 of 1st period - Slapshot by Max Reinhart.
18:27 of 1st period - Shot Misses the Net.
18:29 of 1st period - Slapshot by Viktor Baldayev.
18:29 of 1st period - Deflect By Dennis Everberg.
18:29 of 1st period - Stopped by Karri Ramo without a rebound.
18:30 of 1st period - Max Reinhart wins face-off versus Phil McRae in Demolitions zone.
18:31 of 1st period - Snap shot by Justin Williams.
18:31 of 1st period - Stopped by Karri Ramo with a rebound.
18:33 of 1st period - Slapshot by Brandon Gormley.
18:33 of 1st period - Deflect By Max Reinhart.
18:33 of 1st period - Shot Misses the Net.
18:33 of 1st period - Puck is out of play.
18:34 of 1st period - Joel Vermin wins face-off versus Max Reinhart in Demolitions zone.
18:49 of 1st period - Wrist shot by Pontus Aberg.
18:49 of 1st period - Stopped by Karri Ramo with a rebound.
19:21 of 1st period - Snap shot by Brandon Mashinter.
19:21 of 1st period - Stopped by Karri Ramo without a rebound.
19:22 of 1st period - Corban Knight wins face-off versus Brandon Mashinter in Demolitions zone.
19:38 of 1st period - Backhand shot by Ryan Strome.
19:38 of 1st period - Stopped by Karri Ramo without a rebound.
19:39 of 1st period - Cédric Lalonde-McNicoll wins face-off versus Michael Latta in Demolitions zone.
Goals for this period are 0 for Demolitions vs 1 for Remparts.
Shots for this period are 10 for Demolitions vs 14 for Remparts.
2nd period
0:01 of 2nd period - Cédric Lalonde-McNicoll wins face-off versus Michael Latta in neutral zone.
0:10 of 2nd period - Snap shot by Daniel Paille.
0:10 of 2nd period - Stopped by Karri Ramo with a rebound.
0:26 of 2nd period - Pontus Aberg is hit by Dennis Everberg and loses puck.
0:33 of 2nd period - Snap shot by Dennis Everberg.
0:33 of 2nd period - Goal by Dennis Everberg - Demolitions : 1 - Remparts : 1.
0:34 of 2nd period - Cédric Lalonde-McNicoll wins face-off versus Michael Latta in neutral zone.
0:59 of 2nd period - Lane MacDermid is hit by Pontus Aberg and loses puck.
1:06 of 2nd period - Justin Williams is hit by Corban Knight and loses puck.
1:21 of 2nd period - Snap shot by Phil McRae.
1:21 of 2nd period - Shot Misses the Net.
1:43 of 2nd period - Snap shot by Nail Yakupov.
1:43 of 2nd period - Shot Misses the Net.
2:08 of 2nd period - Snap shot by Michael Latta.
2:08 of 2nd period - Shot Misses the Net.
2:10 of 2nd period - Wrist shot by Jonathan Blum.
2:10 of 2nd period - Stopped by Jason Missiaen without a rebound.
2:11 of 2nd period - Corban Knight wins face-off versus Cédric Lalonde-McNicoll in Remparts zone.
2:24 of 2nd period - Snap shot by Guillaume Desbiens.
2:24 of 2nd period - Stopped by Karri Ramo with a rebound.
2:26 of 2nd period - Slapshot by Guillaume Desbiens.
2:26 of 2nd period - Shot Misses the Net.
2:36 of 2nd period - Seth Helgeson is hit by Justin Williams and loses puck.
3:08 of 2nd period - Slapshot by Dmitri Orlov.
3:08 of 2nd period - Shot Misses the Net.
3:30 of 2nd period - Wrist shot by Guillaume Desbiens.
3:30 of 2nd period - Goal by Guillaume Desbiens - Demolitions : 1 - Remparts : 2.
3:31 of 2nd period - Daniel Paille wins face-off versus Michael Latta in neutral zone.
4:06 of 2nd period - Slapshot by Cameron Schilling.
4:06 of 2nd period - Stopped by Jason Missiaen without a rebound.
4:07 of 2nd period - Cédric Lalonde-McNicoll wins face-off versus Corban Knight in Remparts zone.
4:41 of 2nd period - Snap shot by Phil McRae.
4:41 of 2nd period - Shot Misses the Net.
4:43 of 2nd period - Slapshot by Joel Vermin.
4:43 of 2nd period - Shot Misses the Net.
4:47 of 2nd period - Wrist shot by Brandon McMillan.
4:47 of 2nd period - Goal by Brandon McMillan - Demolitions : 2 - Remparts : 2.
4:48 of 2nd period - Michael Latta wins face-off versus Cédric Lalonde-McNicoll in neutral zone.
5:18 of 2nd period - Slapshot by Lane MacDermid.
5:18 of 2nd period - Stopped by Jason Missiaen without a rebound.
5:19 of 2nd period - Max Reinhart wins face-off versus Dennis Everberg in Remparts zone.
5:27 of 2nd period - Icing by Dmitri Orlov.
5:28 of 2nd period - Guillaume Desbiens wins face-off versus Corban Knight in Demolitions zone.
7:02 of 2nd period - Slapshot by Lane MacDermid.
7:02 of 2nd period - Stopped by Jason Missiaen with a rebound.
7:04 of 2nd period - Slapshot by Dennis Everberg.
7:04 of 2nd period - Shot Blocked by Niklas Hansson.
7:06 of 2nd period - Slapshot by Seth Helgeson.
7:06 of 2nd period - Shot Misses the Net.
7:08 of 2nd period - Wrist shot by Dennis Everberg.
7:08 of 2nd period - Stopped by Jason Missiaen without a rebound.
7:09 of 2nd period - Spencer Machacek wins face-off versus Cédric Lalonde-McNicoll in Remparts zone.
9:13 of 2nd period - Viktor Baldayev is hit by Phil McRae and loses puck.
9:44 of 2nd period - Slapshot by Max Reinhart.
9:44 of 2nd period - Stopped by Karri Ramo with a rebound.
10:14 of 2nd period - Guillaume Desbiens is hit by Corban Knight and loses puck.
10:29 of 2nd period - Snap shot by Ryan Strome.
10:29 of 2nd period - Stopped by Karri Ramo with a rebound.
10:31 of 2nd period - Snap shot by Michal Jordan.
10:31 of 2nd period - Stopped by Karri Ramo without a rebound.
10:32 of 2nd period - Michael Latta wins face-off versus Max Reinhart in Demolitions zone.
11:18 of 2nd period - Niklas Hansson is hit by Dennis Everberg and loses puck.
12:09 of 2nd period - Backhand shot by Daniel Paille.
12:09 of 2nd period - Shot Blocked by Cameron Schilling.
12:15 of 2nd period - Snap shot by Daniel Paille.
12:15 of 2nd period - Stopped by Karri Ramo with a rebound.
12:17 of 2nd period - Slapshot by Guillaume Desbiens.
12:17 of 2nd period - Shot Misses the Net.
12:19 of 2nd period - Slapshot by Griffin Reinhart.
12:19 of 2nd period - Deflect By Daniel Paille.
12:19 of 2nd period - Stopped by Karri Ramo with a rebound.
12:31 of 2nd period - Wrist shot by Max Reinhart.
12:31 of 2nd period - Stopped by Karri Ramo with a rebound.
12:56 of 2nd period - Icing by Michael Latta.
12:57 of 2nd period - Cédric Lalonde-McNicoll wins face-off versus Michael Latta in Demolitions zone.
13:17 of 2nd period - Slapshot by Michael Latta.
13:17 of 2nd period - Stopped by Jason Missiaen with a rebound.
13:19 of 2nd period - Snap shot by Michael Latta.
13:19 of 2nd period - Stopped by Jason Missiaen with a rebound.
13:23 of 2nd period - Backhand shot by Michael Latta.
13:23 of 2nd period - Shot Misses the Net.
13:31 of 2nd period - Slapshot by Michael Latta.
13:31 of 2nd period - Stopped by Jason Missiaen with a rebound.
13:33 of 2nd period - Slapshot by Dmitri Orlov.
13:33 of 2nd period - Stopped by Jason Missiaen with a rebound.
13:35 of 2nd period - Slapshot by Taylor Aronson.
13:35 of 2nd period - Deflect By Brandon Gormley.
13:35 of 2nd period - Stopped by Jason Missiaen without a rebound.
13:36 of 2nd period - Cédric Lalonde-McNicoll wins face-off versus Corban Knight in Remparts zone.
14:27 of 2nd period - Alex Hutchings is hit by Nail Yakupov and loses puck.
14:44 of 2nd period - Ryan Strome is hit by Erik Cole and loses puck.
15:05 of 2nd period - Cameron Schilling is hit by Guillaume Desbiens and loses puck.
15:26 of 2nd period - Snap shot by Pontus Aberg.
15:26 of 2nd period - Deflect By Justin Williams.
15:26 of 2nd period - Stopped by Karri Ramo with a rebound.
15:28 of 2nd period - Slapshot by Griffin Reinhart.
15:28 of 2nd period - Shot Blocked by Brandon McMillan.
15:52 of 2nd period - Snap shot by Spencer Machacek.
15:52 of 2nd period - Stopped by Jason Missiaen without a rebound.
15:53 of 2nd period - Guillaume Desbiens wins face-off versus Michael Latta in Remparts zone.
16:00 of 2nd period - Jonathan Blum is hit by Guillaume Desbiens and loses puck.
16:40 of 2nd period - Slapshot by Jonathan Blum.
16:40 of 2nd period - Stopped by Jason Missiaen without a rebound.
16:41 of 2nd period - Roberts Lipsbergs wins face-off versus Phil McRae in Remparts zone.
17:06 of 2nd period - Snap shot by Phil McRae.
17:06 of 2nd period - Stopped by Jason Missiaen without a rebound.
17:07 of 2nd period - Cédric Lalonde-McNicoll wins face-off versus Michael Latta in Remparts zone.
17:07 of 2nd period - Cédric Lalonde-McNicoll is hit by Erik Cole.
Goals for this period are 2 for Demolitions vs 1 for Remparts.
Shots for this period are 15 for Demolitions vs 10 for Remparts.
3rd period
0:01 of 3rd period - Cédric Lalonde-McNicoll wins face-off versus Michael Latta in neutral zone.
0:14 of 3rd period - Snap shot by Daniel Paille.
0:14 of 3rd period - Shot Misses the Net.
0:16 of 3rd period - Wrist shot by Cédric Lalonde-McNicoll.
0:16 of 3rd period - Shot Blocked by Cameron Schilling.
0:48 of 3rd period - Icing by Jonathan Blum.
0:49 of 3rd period - Phil McRae wins face-off versus Brandon Mashinter in Demolitions zone.
1:09 of 3rd period - Backhand shot by Phil McRae.
1:09 of 3rd period - Stopped by Jason Missiaen with a rebound.
1:11 of 3rd period - Slapshot by Jonathan Blum.
1:11 of 3rd period - Stopped by Jason Missiaen with a rebound.
1:13 of 3rd period - Backhand shot by Brandon McMillan.
1:13 of 3rd period - Stopped by Jason Missiaen with a rebound.
1:15 of 3rd period - Wrist shot by Phil McRae.
1:15 of 3rd period - Shot Misses the Net.
1:17 of 3rd period - Wrist shot by Brandon McMillan.
1:17 of 3rd period - Shot Misses the Net.
1:19 of 3rd period - Snap shot by Cameron Schilling.
1:19 of 3rd period - Stopped by Jason Missiaen with a rebound.
1:21 of 3rd period - Snap shot by Joel Vermin.
1:21 of 3rd period - Stopped by Jason Missiaen without a rebound.
1:22 of 3rd period - Cédric Lalonde-McNicoll wins face-off versus Michael Latta in Remparts zone.
1:22 of 3rd period - Cédric Lalonde-McNicoll is hit by Michael Latta.
1:48 of 3rd period - Max Reinhart is hit by Seth Helgeson and loses puck.
2:15 of 3rd period - Snap shot by Joel Vermin.
2:15 of 3rd period - Stopped by Jason Missiaen with a rebound.
2:17 of 3rd period - Snap shot by Phil McRae.
2:17 of 3rd period - Deflect By Brandon McMillan.
2:17 of 3rd period - Shot Misses the Net.
2:17 of 3rd period - Puck is out of play.
2:18 of 3rd period - Phil McRae wins face-off versus Cédric Lalonde-McNicoll in Remparts zone.
2:27 of 3rd period - Wrist shot by Guillaume Desbiens.
2:27 of 3rd period - Shot Blocked by Robert Bortuzzo.
2:43 of 3rd period - Phil McRae is hit by Nail Yakupov and loses puck.
2:50 of 3rd period - Slapshot by Nail Yakupov.
2:50 of 3rd period - Shot Blocked by Joel Vermin.
3:10 of 3rd period - Wrist shot by Michael Latta.
3:10 of 3rd period - Shot Misses the Net.
3:12 of 3rd period - Slapshot by Michael Latta.
3:12 of 3rd period - Stopped by Jason Missiaen without a rebound.
3:13 of 3rd period - Cédric Lalonde-McNicoll wins face-off versus Michael Latta in Remparts zone.
3:20 of 3rd period - Brandon Gormley is hit by Michael Latta and loses puck.
3:27 of 3rd period - Guillaume Desbiens is hit by Michael Latta and loses puck.
3:44 of 3rd period - Corban Knight is hit by Pontus Aberg and loses puck.
4:28 of 3rd period - Seth Helgeson is hit by Juuso Ikonen and loses puck.
4:40 of 3rd period - Icing by Seth Helgeson.
4:41 of 3rd period - Phil McRae wins face-off versus Cédric Lalonde-McNicoll in Demolitions zone.
4:54 of 3rd period - Wrist shot by Daniel Paille.
4:54 of 3rd period - Shot Misses the Net.
5:31 of 3rd period - Slapshot by Nail Yakupov.
5:31 of 3rd period - Shot Misses the Net.
6:05 of 3rd period - Wrist shot by Brandon McMillan.
6:05 of 3rd period - Shot Misses the Net.
6:09 of 3rd period - Wrist shot by Brandon McMillan.
6:09 of 3rd period - Deflect By Phil McRae.
6:09 of 3rd period - Shot Hit the Post.
6:09 of 3rd period - Puck is out of play.
6:10 of 3rd period - Michael Latta wins face-off versus Cédric Lalonde-McNicoll in Remparts zone.
6:11 of 3rd period - Wrist shot by Spencer Machacek.
6:11 of 3rd period - Shot Misses the Net.
6:13 of 3rd period - Wrist shot by Spencer Machacek.
6:13 of 3rd period - Shot Misses the Net.
7:00 of 3rd period - Wrist shot by Daniel Paille.
7:00 of 3rd period - Stopped by Karri Ramo without a rebound.
7:01 of 3rd period - Michael Latta wins face-off versus Max Reinhart in Demolitions zone.
7:01 of 3rd period - Michael Latta is hit by Justin Williams.
7:43 of 3rd period - Minor Penalty to Robert Bortuzzo for Hooking.
7:44 of 3rd period - Erik Cole wins face-off versus Cédric Lalonde-McNicoll in Demolitions zone.
8:32 of 3rd period - Corban Knight is hit by Guillaume Desbiens and loses puck.
9:43 of 3rd period - Penalty to Robert Bortuzzo is over, Robert Bortuzzo is back on ice.
10:11 of 3rd period - Snap shot by Chris Mueller.
10:11 of 3rd period - Shot Misses the Net.
10:29 of 3rd period - Wrist shot by Aaron Palushaj.
10:29 of 3rd period - Shot Blocked by Roberts Lipsbergs.
10:31 of 3rd period - Slapshot by Dmitri Orlov.
10:31 of 3rd period - Deflect By Aaron Palushaj.
10:31 of 3rd period - Stopped by Jason Missiaen with a rebound.
10:47 of 3rd period - Seth Helgeson is hit by Guillaume Desbiens and loses puck.
11:46 of 3rd period - Snap shot by Alex Hutchings.
11:46 of 3rd period - Deflect By Andrej Nestrasil.
11:46 of 3rd period - Shot Misses the Net.
11:46 of 3rd period - Puck is out of play.
11:47 of 3rd period - Erik Cole wins face-off versus Max Reinhart in Remparts zone.
11:52 of 3rd period - Snap shot by Michael Latta.
11:52 of 3rd period - Stopped by Jason Missiaen with a rebound.
12:17 of 3rd period - Wrist shot by Ryan Strome.
12:17 of 3rd period - Stopped by Karri Ramo with a rebound.
12:19 of 3rd period - Snap shot by Niklas Hansson.
12:19 of 3rd period - Stopped by Karri Ramo with a rebound.
12:21 of 3rd period - Slapshot by Griffin Reinhart.
12:21 of 3rd period - Stopped by Karri Ramo with a rebound.
12:23 of 3rd period - Snap shot by Ryan Strome.
12:23 of 3rd period - Shot Misses the Net.
12:25 of 3rd period - Backhand shot by Griffin Reinhart.
12:25 of 3rd period - Shot Misses the Net.
12:39 of 3rd period - Slapshot by Juuso Ikonen.
12:39 of 3rd period - Shot Misses the Net.
12:51 of 3rd period - Slapshot by Michael Latta.
12:51 of 3rd period - Stopped by Jason Missiaen without a rebound.
12:52 of 3rd period - Corban Knight wins face-off versus Cédric Lalonde-McNicoll in Remparts zone.
12:53 of 3rd period - Slapshot by Dennis Everberg.
12:53 of 3rd period - Shot Blocked by Daniel Paille.
12:55 of 3rd period - Snap shot by Dennis Everberg.
12:55 of 3rd period - Shot Misses the Net.
13:17 of 3rd period - Cameron Schilling is hit by Pontus Aberg and loses puck.
13:22 of 3rd period - Snap shot by Max Reinhart.
13:22 of 3rd period - Goal by Max Reinhart - Demolitions : 2 - Remparts : 3.
13:23 of 3rd period - Corban Knight wins face-off versus Cédric Lalonde-McNicoll in neutral zone.
14:38 of 3rd period - Wrist shot by Nail Yakupov.
14:38 of 3rd period - Goal by Nail Yakupov - Demolitions : 2 - Remparts : 4.
14:39 of 3rd period - Cédric Lalonde-McNicoll wins face-off versus Michael Latta in neutral zone.
14:44 of 3rd period - Slapshot by Guillaume Desbiens.
14:44 of 3rd period - Deflect By Cédric Lalonde-McNicoll.
14:44 of 3rd period - Shot Misses the Net.
14:44 of 3rd period - Puck is out of play.
14:45 of 3rd period - Michael Latta wins face-off versus Cédric Lalonde-McNicoll in Demolitions zone.
14:47 of 3rd period - Minor Penalty to Michael Latta for Hooking.
14:48 of 3rd period - Cédric Lalonde-McNicoll wins face-off versus Erik Cole in Demolitions zone.
16:31 of 3rd period - Alex Hutchings is hit by Max Reinhart and loses puck.
16:47 of 3rd period - Penalty to Michael Latta is over, Michael Latta is back on ice.
16:52 of 3rd period - Off-side.
16:53 of 3rd period - Mitchell Heard wins face-off versus Corban Knight in neutral zone.
16:56 of 3rd period - Slapshot by Ryan Strome.
16:56 of 3rd period - Shot Misses the Net.
17:31 of 3rd period - Wrist shot by Ryan Strome.
17:31 of 3rd period - Shot Blocked by Dmitri Orlov.
17:37 of 3rd period - Keaton Thompson is hit by Erik Cole and loses puck.
17:52 of 3rd period - Wrist shot by Pontus Aberg.
17:52 of 3rd period - Shot Misses the Net.
17:54 of 3rd period - Slapshot by Keaton Thompson.
17:54 of 3rd period - Deflect By Dennis Everberg.
17:54 of 3rd period - Stopped by Karri Ramo with a rebound.
18:34 of 3rd period - Pontus Aberg is hit by Erik Cole and loses puck.
18:41 of 3rd period - Griffin Reinhart is hit by Spencer Machacek and loses puck.
Goals for this period are 0 for Demolitions vs 2 for Remparts.
Shots for this period are 10 for Demolitions vs 7 for Remparts.
Back to the Top